Map: Hielo y cromo EE

Players

Rojex - Winner!

  • Race: Zerg Zerg
  • League: Gold
  • Spawn Location: 7:00

MrFercho

  • Race: Zerg Zerg
  • League: Gold
  • Spawn Location: 1:00

VOD

Have the link to the VOD?

Description

Time

  • Played on: Aug. 18, 2020, 9:49 p.m.
  • Length: 10:28
Show
View Real Time Build Order
Export as new Build Order

Rojex Zerg - Winner!

Build Orders: Hatch First 

Get SALT Encoding   

  12  0:01  Drone  
  13  0:12  Overlord  
  13  0:19  Drone  
  14  0:31  Drone x2  
  14  0:35  Drone  
  17  0:52  Hatchery  
  17  0:55  Drone  
  17  0:58  Drone  
  18  1:13  Spawning Pool  
  18  1:15  Drone  
  18  1:19  Drone  
  19  1:30  Drone  
  20  1:34  Extractor  
  20  1:39  Drone  
  20  1:50  Overlord  
  20  2:03  Queen  
  20  2:04  Queen  
  20  2:06  Drone x2  
  26  2:12  Drone  
  26  2:14  Drone  
  28  2:26  Drone x2  
  30  2:33  Drone  
  30  2:35  Metabolic Boost  
  31  2:37  Drone  
  32  2:45  Queen  
  32  2:48  Overlord  
  32  2:50  Overlord  
  34  2:54  Drone  
  35  3:01  Drone  
  36  3:12  Drone x2  
  38  3:14  Lair  
  38  3:22  Roach Warren  
  37  3:27  Evolution Chamber  
  37  3:29  Drone x6  
  42  3:35  Drone x2  
  44  3:44  Drone  
  45  3:49  Extractor  
  45  3:50  Drone  
  45  3:51  Extractor  
  45  3:54  Zerg Missile Weapons Level 1  
  44  4:03  Drone x3  
  44  4:05  Drone x2  
  49  4:26  Drone  
  49  4:27  Drone x2  
  49  4:31  Overlord x4  
  52  4:32  Overlord  
  52  4:50  Hatchery  
  51  4:57  Roach x6  
  63  5:03  Roach x6  
  75  5:11  Hydralisk Den  
  75  5:12  Evolution Chamber  
  75  5:13  Extractor  
  73  5:14  Drone x2  
  74  5:27  Roach x2  
  78  5:54  Zerg Missile Weapons Level 2  
  78  5:55  Zerg Ground Armor Level 1  
  78  5:57  Muscular Augments  
  78  6:08  Queen  
  80  6:13  Drone x10  
  80  6:16  Overlord x2  
  90  6:34  Overlord x2  
  90  6:41  Hydralisk x2  
  90  6:42  Hydralisk x6  
  106  7:03  Overlord  
  106  7:04  Overlord x2  
  106  7:08  Hydralisk x6  
  108  7:09  Grooved Spines  
  118  7:25  Hydralisk x3  
  118  7:38  Hydralisk x3  
  120  8:13  Hydralisk x2  
  120  8:14  Hydralisk x6  
  132  8:31  Hydralisk x4  
  126  9:05  Overseer x3  
  126  9:21  Hydralisk x2  
  126  9:22  Hydralisk  
  132  9:30  Extractor  
  131  9:31  Extractor  
  130  9:40  Hatchery  
Show
View Real Time Build Order
Export as new Build Order

MrFercho Zerg 

Build Orders: Hatch First 

Get SALT Encoding   

  12  0:00  Drone  
  13  0:13  Overlord  
  13  0:17  Drone  
  14  0:31  Drone x2  
  16  0:57  Hatchery, Drone x2  
  18  0:59  Drone  
  18  1:11  Extractor  
  17  1:17  Spawning Pool  
  16  1:19  Drone  
  16  1:24  Drone  
  18  1:30  Drone  
  19  2:02  Overlord  
  19  2:14  Queen x2  
  23  2:16  Zergling x4  
  23  2:17  Drone x2  
  27  2:33  Drone x3  
  30  2:37  Metabolic Boost  
  30  2:55  Drone x4  
  34  2:59  Queen  
  34  3:03  Lair  
  36  3:14  Evolution Chamber  
  36  3:17  Spine Crawler  
  34  3:32  Drone x2  
  36  3:34  Overlord x3  
  36  3:50  Overlord  
  36  3:52  Queen, Overlord  
  36  3:53  Drone x3  
  36  3:54  Drone x2  
  43  3:57  Zerg Missile Weapons Level 1  
  43  4:04  Baneling Nest  
  42  4:11  Drone x4  
  42  4:14  Overseer  
  46  4:17  Drone  
  47  4:47  Overlord  
  47  4:51  Extractor  
  46  4:52  Extractor  
  45  5:14  Drone x3  
  45  5:16  Drone x3  
  45  5:21  Centrifical Hooks  
  51  5:38  Zergling x16  
  51  5:40  Evolution Chamber  
  58  5:49  Hatchery, Drone x2  
  59  5:50  Extractor  
  59  5:53  Infestation Pit  
  57  6:00  Drone x3  
  57  6:01  Hydralisk Den  
  59  6:09  Hatchery, Drone x3  
  59  6:10  Overlord  
  61  6:26  Hatchery  
  59  6:37  Muscular Augments  
  59  6:41  Lurker Den  
  58  6:48  Drone x2  
  58  6:53  Drone x9  
  58  6:54  Drone x3  
  72  7:04  Hive, Spire  
  71  7:14  Pneumatized Carapace  
  71  7:19  Hydralisk  
  72  7:43  Hydralisk  
  72  7:44  Hydralisk x5  
  72  7:48  Grooved Spines  
  81  7:59  Zergling x28  
  74  8:13  Lurker  
  74  8:14  Lurker  
  74  8:16  Hydralisk x2  
  38  8:57  Zergling x22  
  38  8:58  Zergling x2  
  48  9:28  Hydralisk x6  
  60  9:35  Corruptor  
  62  9:51  Spine Crawler  
Tags
 
League
GoldGold
Matchup
ZvZ
Race
Zerg
Replay Pack
MrFercho
Spawn Locations
Cross Positions
Add a new tag
Caveats
  • Supply blocks, unpowered buildings, or Contaminate may cause inaccurate times.
  • Supply counts are checked every 10 seconds.